 Dungeon Crawl Stone Soup version 0.24.0-125-gc4c63601f3 (webtiles) character file.

Game seed: 13329581365126389048, levelgen mode: deterministic

6696 Curus the Spear-Bearer (level 10, -4/94 HPs)
             Began as a Minotaur Monk on Mar 6, 2020.
             Was a High Priest of Okawaru.
             Slain by a komodo dragon (14 damage)
             ... while petrified by a basilisk
             ... on level 1 of the Lair of Beasts.
             The game lasted 00:44:59 (8158 turns).

Curus the Spear-Bearer (Minotaur Monk)              Turns: 8158, Time: 00:45:00

Health: -4/94      AC:  9    Str: 17    XL:     10   Next: 74%
Magic:  11/12      EV:  2    Int: 13    God:    Okawaru [*****.]
Gold:   629        SH:  0    Dex: 15    Spells: 9/9 levels left

rFire    . . .     SeeInvis .   p - +1 spear (flame)
rCold    . . .     Gourm    .   (no shield)
rNeg     + + +     Faith    .   i - +0 leather armour of Conscience {rElec Int+6}
rPois    ∞         Spirit   .   (helmet restricted)
rElec    +         Reflect  .   r - +1 cloak
rCorr    .         Harm     .   (no gloves)
MR       .....                  h - +2 pair of boots
Stlth    +++.......             f - amulet of rage
HPRegen  0.25/turn              F - ring of positive energy
MPRegen  0.13/turn              y - ring of poison resistance

@: petrified, heroism
A: retaliatory headbutt, horns 2
a: Heroism, Finesse, Renounce Religion, Evoke Berserk Rage


You were on level 1 of the Lair of Beasts.
You worshipped Okawaru.
Okawaru was extremely pleased with you.
You were very hungry.

You visited 3 branches of the dungeon, and saw 10 of its levels.

You collected 629 gold pieces.

Inventory:

Hand Weapons
 a - a +0 spear
 p - a +1 spear of flaming (weapon)
 E - a +0 trident
Armour
 b - a +0 robe
 d - a +0 scale mail
 h - a +2 pair of boots (worn)
 i - the +0 leather armour of Conscience (worn) {rElec Int+6}
   (You found it on level 4 of the Dungeon)

   It affects your intelligence (+6).
   It insulates you from electricity.
 r - a +1 cloak (worn)
Jewellery
 e - a -2 ring of dexterity
 f - an amulet of rage (around neck)
 m - a cursed amulet of inaccuracy
 x - an uncursed ring of magical power
 y - a ring of poison resistance (right hand)
 C - a -3 ring of strength
 D - an uncursed amulet of magic regeneration
 F - a ring of positive energy (left hand)
 H - an uncursed ring of ice
Wands
 l - a wand of iceblast (8)
 s - a wand of random effects (26)
 u - a wand of polymorph (10)
 w - a wand of disintegration (8)
Scrolls
 j - 5 scrolls of remove curse
 n - a scroll of fog
 o - 5 scrolls of identify
 q - a scroll of teleportation
 B - 2 scrolls of amnesia
Potions
 g - 2 potions of curing
 k - 2 potions of might
 t - 6 potions of heal wounds
 v - a potion of ambrosia
 z - a potion of haste
 A - 2 potions of brilliance
 I - a potion of agility
Comestibles
 c - 15 rations


   Skills:
 - Level 10.4(15.4) Fighting
 - Level 12.0(17.0) Polearms
 - Level 9.6(14.6) Dodging
 - Level 1.5(6.5) Stealth
 + Level 4.2 Invocations
 + Level 3.9 Evocations


You had 9 spell levels left.
You didn't know any spells.
Your spell library was empty.

Dungeon Overview and Level Annotations

Branches:
Dungeon (8/15)             Temple (1/1) D:5            Lair (1/6) D:8

Altars:
Cheibriados
Dithmenos
Elyvilon
Gozag
Hepliaklqana
Kikubaaqudgha
Makhleb
Nemelex Xobeh
Okawaru
Qazlal
Ru
Sif Muna
Trog
Uskayaw
Wu Jian
Xom
Zin

Shops:
D:6 (


Innate Abilities, Weirdness & Mutations

You reflexively headbutt those who attack you in melee.
You have a pair of horns on your head.


Message History

The komodo dragon bites you!
You hit the komodo dragon. You burn the komodo dragon.
You punch the komodo dragon.
The komodo dragon is lightly wounded.
Your limbs are stiffening.
You hit the komodo dragon but do no damage.
The komodo dragon is lightly wounded.
The komodo dragon bites you!!
You hit the komodo dragon. You burn the komodo dragon.
Your headbutt misses the komodo dragon.
The komodo dragon is lightly wounded.
The komodo dragon bites you!!
You have turned to stone.
The komodo dragon bites you! The komodo dragon bites you.
The komodo dragon bites you! x2
* * * LOW HITPOINT WARNING * * *
The komodo dragon bites you!!
* * * LOW HITPOINT WARNING * * *
The komodo dragon bites you!!
You die...

.............................#
.............................#
..##########.#.P##.##.##.P...P#
..# ###############...## ..#
#...# ..# ### ### #....#
..#####.#####P##########.#...##
.............................#
................@l....%..
.........................
####....##.##.#####.#PP##
##...####### ## ## #####...#
#.##P...#### .............
............. ..............


You could see a komodo dragon.

Vanquished Creatures
  Fannar (Lair:1)
  A death yak (D:7)
  A komodo dragon (Lair:1)
  Sigmund (D:3)
  A spriggan (D:6)
  A wyvern (D:8)
  A basilisk (Lair:1)
  A porcupine (D:8)
  2 ice beasts
  6 orc warriors
  A sky beast (D:5)
  2 phantoms
  4 ogres
  3 wolves (Lair:1)
  A centaur (D:6)
  A crocodile (Lair:1)
  A big kobold (D:8)
  10 bullfrogs
  2 scorpions
  5 wights
  3 howler monkeys
  6 crimson imps
  2 hounds
  7 orc priests
  A jelly (D:8)
  A gnoll shaman (D:8)
  A centaur skeleton (D:7)
  An iguana (D:6)
  Jessica (D:2)
  A hell rat (D:8)
  Crazy Yiuf (D:5)
  Ijyb (D:3)
  5 orc wizards
  14 worker ants
  A killer bee zombie (D:8)
  A hound skeleton (D:4)
  A howler monkey zombie (D:5)
  11 gnolls
  10 adders
  A river rat (Lair:1)
  5 shadow imps
  2 oozes
  An adder zombie (D:7)
  3 worms
  3 dart slugs
  2 leopard geckos
  44 orcs
  8 giant cockroaches
  5 goblins
  8 hobgoblins
  7 quokkas
  2 ball pythons
  6 bats
  4 frilled lizards
  A giant cockroach zombie (D:5)
  A jackal zombie (D:7)
  9 kobolds
  A leopard gecko skeleton (D:6)
  A leopard gecko zombie (D:6)
  A quokka skeleton (D:4)
  11 rats
241 creatures vanquished.

Notes
Turn   | Place    | Note
-------+----------+-------------------------------------------
     0 | D:1      | Curus the Minotaur Monk began the quest for the Orb.
     0 | D:1      | Reached XP level 1. HP: 19/19 MP: 0/0
   220 | D:1      | Reached skill level 4 in Polearms
   300 | D:1      | Reached XP level 2. HP: 26/26 MP: 1/1
   532 | D:2      | Reached skill level 5 in Polearms
   532 | D:2      | Reached XP level 3. HP: 31/31 MP: 2/2
   764 | D:2      | Noticed Jessica
   773 | D:2      | Killed Jessica
   773 | D:2      | Reached skill level 6 in Polearms
   773 | D:2      | Reached XP level 4. HP: 39/39 MP: 3/3
   946 | D:3      | Noticed Ijyb
   971 | D:3      | Killed Ijyb
   987 | D:3      | Noticed Sigmund
  1035 | D:3      | Reached XP level 5. HP: 36/45 MP: 4/4
  1040 | D:3      | Reached skill level 7 in Polearms
  1206 | D:3      | Killed Sigmund
  1206 | D:3      | Reached skill level 8 in Polearms
  1206 | D:3      | Reached XP level 6. HP: 30/51 MP: 5/5
  1410 | D:3      | Reached skill level 9 in Polearms
  1716 | D:4      | Found a snail-covered altar of Cheibriados.
  1719 | D:4      | Found a bloodstained altar of Trog.
  1722 | D:4      | Found a hazy altar of Hepliaklqana.
  1848 | D:4      | Reached XP level 7. HP: 44/57 MP: 6/6
  1947 | D:4      | Got a fine leather armour
  1966 | D:4      | Identified the +0 leather armour of Conscience {rElec
                  | Int+6} (You found it on level 4 of the Dungeon)
  2010 | D:4      | Reached skill level 10 in Polearms
  2438 | D:5      | Entered Level 5 of the Dungeon
  2459 | D:5      | Reached skill level 11 in Polearms
  2465 | D:5      | Found a staircase to the Ecumenical Temple.
  2565 | D:5      | Reached XP level 8. HP: 27/64 MP: 7/7
  2783 | Temple   | Entered the Ecumenical Temple
  2790 | Temple   | Became a worshipper of Warmaster Okawaru
  2790 | Temple   | Reached * piety under Okawaru
  2790 | Temple   | Reached ** piety under Okawaru
  2853 | D:5      | Found a runed translucent door.
  2854 | D:5      | Noticed Crazy Yiuf
  2880 | D:5      | Reached skill level 12 in Polearms
  2908 | D:5      | Found a shadowy altar of Dithmenos.
  3052 | D:5      | Found a shimmering altar of Xom.
  3052 | D:5      | Found a glowing silver altar of Zin.
  3052 | D:5      | Noticed an angel
  3138 | D:5      | Found a stormy altar of Qazlal.
  3278 | D:5      | Found a sparkling altar of Nemelex Xobeh.
  3365 | D:5      | Killed Crazy Yiuf
  3418 | D:6      | Reached skill level 5 in Fighting
  3458 | D:6      | Found Vyoczaoso's Antique Weapon Shoppe.
  3501 | D:6      | Reached skill level 5 in Dodging
  3980 | D:6      | Found a burning altar of Makhleb.
  4094 | D:6      | Reached XP level 9. HP: 77/78 MP: 8/8
  4354 | D:7      | Reached *** piety under Okawaru
  5269 | D:7      | Found a shimmering blue altar of Sif Muna.
  5745 | D:8      | Found a bloodstained altar of Trog.
  5816 | D:7      | Reached **** piety under Okawaru
  6412 | D:8      | Noticed a death yak
  6417 | D:8      | Reached XP level 10. HP: 57/92 MP: 9/9
  6557 | D:8      | Noticed a death yak
  6562 | D:8      | Noticed a death yak
  6884 | D:8      | Reached skill level 10 in Fighting
  6918 | D:7      | Killed a death yak
  7028 | D:8      | Found a staircase to the Lair.
  7037 | Lair:1   | Entered Level 1 of the Lair of Beasts
  7082 | Lair:1   | Reached skill level 1 in Invocations
  7082 | Lair:1   | Reached skill level 1 in Evocations
  7522 | Lair:1   | Reached ***** piety under Okawaru
  7565 | Lair:1   | Noticed Fannar
  7589 | Lair:1   | Killed Fannar
  8158 | Lair:1   | Slain by a komodo dragon

Levels and vault maps discovered:
D:1:      roderic_crossed_star, layout_basic, minmay_tromino_v2
D:2:      layout_rooms, uniq_jessica
D:3:      cheibrodos_pilgrimage, layout_loops_cross, minivault_4,
          minmay_randomly_rotated_circles, uniq_sigmund, uniq_ijyb
D:4:      layout_cave_pools, grunt_temple_overflow_open, first_ration,
          minivault_1, minmay_puff
D:5:      layout_cave_pools, grunt_temple_overflow_order_and_chaos_1,
          nicolae_dithmenos_shadow_blocks, lemuel_coloured_pillars_altar,
          minmay_temple_entry_mini_moons, nicolae_qazlal_general_emergency,
          uniq_crazy_yiuf_cottage
D:6:      layout_basic, makhleb_grotto_becter, serial_shops,
          nicolae_shop_waterfront, minmay_bent
D:7:      layout_rooms, tgw_sif, the_bakery
D:8:      layout_rooms, dpeg_lair_monsters, nicolae_ossuary_entry_catacombs,
          basic_altar
Temple:   cyrus_circular_temple
Lair:1:   layout_long_grid, pond, uniq_fannar

Skill      XL: |  1  2  3  4  5  6  7  8  9 10 |
---------------+-------------------------------+-----
Polearms       | 4 5 6 8 9 11 12 | 12.0
Fighting       | 6 9 10 | 10.4
Dodging        | 5 8 9 |  9.6
Invocations    | 4 |  4.2
Evocations     | 3 |  3.9
Stealth        | |  1.5

Action                   |  1- 3 |  4- 6 |  7- 9 | 10-12 || total
-------------------------+-------+-------+-------+-------++-------
Melee: Spear             |    98 |   205 |   559 |   179 ||  1041
       Headbutt          |    12 |    27 |   102 |    41 ||   182
       Punch             |       |       |       |     4 ||     4
Invok: Heroism           |       |       |     1 |     4 ||     5
Evoke: Wand              |       |       |     1 |     2 ||     3
  Use: Potion            |     3 |     7 |     1 |     1 ||    12
       Scroll            |     3 |     3 |     6 |     2 ||    14
 Stab: Sleeping          |       |     1 |     2 |     2 ||     5
  Eat: Chunk             |       |     3 |     8 |     4 ||    15
       Ration            |       |       |     2 |       ||     2
Armor: Scale mail        |    33 |    42 |     2 |       ||    77
       Leather armour    |       |       |    57 |     8 ||    65
Dodge: Dodged            |    29 |    68 |   181 |   108 ||   386
